 Dungeon Crawl Stone Soup version 0.26.1-11-gd32895ea62 (webtiles) character file.

Game seed: 13041024051940619788

249 mankey1987 the Insei (level 5, -3/41 HPs)
             Began as a Demonspawn Monk on May 26, 2021.
             Slain by a gnoll (5 damage)
             ... on level 2 of the Dungeon.
             The game lasted 00:02:37 (1630 turns).

mankey1987 the Insei (Demonspawn Monk)              Turns: 1630, Time: 00:02:37

Health: -3/41      AC:  2    Str: 11    XL:     5   Next: 86%
Magic:  5/5        EV: 14    Int: 11    God:
Gold:   52         SH:  0    Dex: 17    Spells: 4/4 levels left

rFire    . . .     SeeInvis +     - Unarmed
rCold    + . .     Faith    .   (no shield)
rNeg     . . .     Spirit   .   a - +0 robe
rPois    .         Reflect  .   (no helmet)
rElec    .         Harm     .   (no cloak)
rCorr    .         Rampage  .   (no gloves)
Will     .....                  (no boots)
Stlth    ++........             (no amulet)
HPRegen  0.13/turn              d - ring of see invisible
MPRegen  0.09/turn              e - ring of protection from cold

@: no status effects
A: talons 2, powered by death 1, powered by pain 1
a: no special abilities


You were on level 2 of the Dungeon.
You visited 1 branch of the dungeon, and saw 2 of its levels.

You collected 52 gold pieces.

Inventory:

Armour
 a - a +0 robe (worn)
Jewellery
 d - a ring of see invisible (left hand)
 e - a ring of protection from cold (right hand)
Wands
 c - a wand of flame (19)
Scrolls
 b - a scroll of teleportation {unknown}
 f - a scroll of remove curse {unknown}
 h - 2 scrolls of identify {unknown}
 j - a scroll of fear {unknown}
 k - a scroll of immolation {unknown}


   Skills:
 - Level 3.0 Fighting
 + Level 4.0 Dodging
 - Level 1.7 Stealth
 * Level 5.2 Unarmed Combat


You had 4 spell levels left.
You didn't know any spells.
Your spell library was empty.

Dungeon Overview and Level Annotations

Branches:
Dungeon (2/15)

Altars:


Innate Abilities, Weirdness & Mutations

You have razor-sharp toenails.
You regenerate a little health from kills.
You sometimes gain a little power by taking damage.


Message History

The frilled lizard bites you.
You hit the gnoll. Your kick misses the gnoll. Your punch misses the gnoll.
The gnoll is heavily wounded.
The gnoll barely misses you. The gnoll closely misses you.
The frilled lizard misses you.
You closely miss the gnoll. Your kick misses the gnoll.
The gnoll is heavily wounded.
The gnoll hits you with a cursed -3 whip!
* * * LOW HITPOINT WARNING * * *
The gnoll hits you but does no damage. The frilled lizard bites you.
* * * LOW HITPOINT WARNING * * *
You hit the gnoll.
The gnoll is severely wounded.
The gnoll barely misses you. The gnoll hits you.
* * * LOW HITPOINT WARNING * * *
The frilled lizard closely misses you.
You hit the gnoll but do no damage. Your kick misses the gnoll.
The gnoll is severely wounded.
The gnoll barely misses you. The gnoll hits you.
You die...

.# #.# ###### #######
.######.###....# .......
...............# .......
...............# .......
............)..##.......
.#.......#......#.......
#............##)#.....#
...............gg.....#
...............l@.....#
.###.#..................
.....##.........#.......
.............##.#.......
.#.....#................
...........#)...........
#........................
.......#..#..............
.......#.................
...


You could see 2 gnolls and a frilled lizard.

Vanquished Creatures
  Sigmund (D:2)
  A gnoll (D:2)
  2 adders (D:2)
  2 oozes
  4 dart slugs
  A leopard gecko (D:2)
  5 giant cockroaches
  A goblin (D:1)
  5 hobgoblins
  5 jackals
  4 kobolds
  A quokka (D:2)
  7 bats
  4 frilled lizards
  4 rats
47 creatures vanquished.

Notes
Turn   | Place    | Note
-------+----------+-------------------------------------------
     0 | D:1      | mankey1987 the Demonspawn Monk began the quest for the Orb.
     0 | D:1      | Reached XP level 1. HP: 18/18 MP: 1/1
   253 | D:1      | Reached skill level 3 in Unarmed Combat
   268 | D:1      | Gained mutation: You regenerate a little health from kills.
                  | [demonic ancestry]
   268 | D:1      | Reached XP level 2. HP: 9/24 MP: 2/2
   679 | D:1      | Gained mutation: You have sharp toenails. [demonic
                  | ancestry]
   679 | D:1      | Reached XP level 3. HP: 23/29 MP: 3/3
  1297 | D:2      | Reached skill level 4 in Unarmed Combat
  1407 | D:2      | Gained mutation: You sometimes gain a little power by
                  | taking damage. [demonic ancestry]
  1407 | D:2      | Reached XP level 4. HP: 28/35 MP: 4/4
  1454 | D:2      | Noticed Sigmund
  1468 | D:2      | Killed Sigmund
  1469 | D:2      | Reached skill level 5 in Unarmed Combat
  1469 | D:2      | Gained mutation: You have razor-sharp toenails. [demonic
                  | ancestry]
  1469 | D:2      | Reached XP level 5. HP: 34/41 MP: 5/5
  1629 | D:2      | HP: 2/41 [gnoll (1)]
  1630 | D:2      | Slain by a gnoll

Illustrated notes

Levels and vault maps discovered:
D:1:      psy_arrival_fountain, layout_rooms
D:2:      layout_basic, nicolae_overflow_crystal_walls, uniq_sigmund

Skill      XL: |  1  2  3  4 |
---------------+-------------+-----
Unarmed Combat | 3 4 5 |  5.2
Dodging        | 3 4 |  4.0
Fighting       | |  3.0
Stealth        | |  1.7

Action                   |  1- 3 |  4- 6 || total
-------------------------+-------+-------++-------
Melee: Unarmed           |   126 |    30 ||   156
       Kick              |     9 |    12 ||    21
       Punch             |     1 |     1 ||     2
  Use: Potion            |       |     3 ||     3
 Stab: Sleeping          |     3 |     1 ||     4
Armor: Robe              |    23 |     3 ||    26
Dodge: Dodged            |    88 |    34 ||   122
